 Dungeon Crawl Stone Soup version 0.32-a0-720-g1d96ad090f (webtiles) character file.

Game seed: 7264534224728347417

85670 Ajdolov the Marksghoul (level 15, -5/117 HPs)
             Began as a Ghoul Hunter on Mar 16, 2024.
             Was an Elder of Hepliaklqana.
             Splashed by a goliath frog's acid (6 damage)
             ... on level 1 of the Swamp.
             The game lasted 01:13:22 (28672 turns).

Ajdolov the Marksghoul (Ghoul Hunter)              Turns: 28672, Time: 01:13:23

Health: -5/117     AC: 21    Str: 17    XL:     15   Next: 84%
Magic:  22/22      EV: 20    Int:  8    God:    Hepliaklqana [****..]
Gold:   874        SH:  0    Dex: 18    Spells: 14/14 levels left

rFire   . . .        M - +2 arbalest (flame)
rCold   + . .        (shield currently unavailable)
rNeg    + + +        i - +3 ring mail
rPois   ∞            J - +2 helmet
rElec   .            E - +0 cloak
rCorr   .            C - +2 pair of gloves
SInv    .            U - +2 pair of boots {Stlth+}
Will    ++...        n - amulet of the acrobat
Stlth   +++          v - +5 ring of evasion
HPRegen 0.00/turn    F - ring of willpower
MPRegen 0.18/turn

%: acrobat
@: inhibited regen
A: reduced essence, claws 1, cold resistance 1, negative energy resistance 3,
inhibited regeneration, torment resistance 2, devour on kill
a: Renounce Religion, Recall Ancestor, Ancestor Identity, Transference, Idealise


You were on level 1 of the Swamp.
You worshipped Hepliaklqana.
Hepliaklqana was greatly pleased with you.
You visited 5 branches of the dungeon, and saw 24 of its levels.

You collected 1925 gold pieces.
You spent 1051 gold pieces at shops.

Inventory:

Hand Weapons
 s - a +0 orcbow of flaming
 M - a +2 arbalest of flaming (weapon)
Armour
 i - a +3 ring mail (worn)
 C - a +2 pair of gloves (worn)
 E - a +0 cloak (worn)
 I - a +1 ring mail of fire resistance
 J - a +2 helmet (worn)
 U - a +2 pair of boots of stealth (worn)
Jewellery
 d - a ring of flight
 n - an amulet of the acrobat (around neck)
 v - a +5 ring of evasion (left hand)
 F - a ring of willpower (right hand)
 H - a ring of resist corrosion
 O - a ring of see invisible
Wands
 y - a wand of digging (4)
 A - a wand of flame (31)
 B - a wand of charming (14)
 P - a wand of mindburst (4)
Scrolls
 b - 2 scrolls of noise
 e - 4 scrolls of fear
 j - 7 scrolls of teleportation
 o - 4 scrolls of fog
 p - 3 scrolls of blinking
 r - 2 scrolls of revelation
 x - a scroll of torment
 z - 4 scrolls of enchant weapon
 D - 4 scrolls of vulnerability
 G - 2 scrolls of silence
 L - a scroll of immolation
 R - 2 scrolls of poison
Potions
 a - a potion of brilliance {unknown}
 c - 7 potions of might
 f - 6 potions of mutation
 g - 5 potions of curing
 k - 4 potions of degeneration {unknown}
 l - 3 potions of heal wounds
 m - 2 potions of haste {unknown}
 q - 2 potions of ambrosia {unknown}
 t - a potion of invisibility {unknown}
 u - 2 potions of berserk rage
 w - a potion of resistance {unknown}
 K - a potion of enlightenment {unknown}
 T - a potion of attraction {unknown}
Miscellaneous
 h - a phantom mirror
 N - a lightning rod (4/4)


   Skills:
 + Level 11.5 Fighting
 - Level 18.0 Ranged Weapons
 + Level 8.6 Armour
 + Level 9.8 Dodging
 * Level 1.9 Stealth
 - Level 10.0 Invocations
 - Level 5.0 Evocations


You had 14 spell levels left.
You didn't know any spells.
Your spell library contained the following spells:

 Spells                   Type           Power      Damage    Failure   Level
 Magic Dart               Conj           0%         1d3       58%         1
 Sandblast                Erth           0%         2d4       58%         1
 Slow                     Hex            0%         N/A       58%         1
 Blink                    Tloc           0%         N/A       73%         2
 Call Imp                 Summ           0%         N/A       73%         2
 Call Canine Familiar     Summ           0%         N/A       91%         3
 Confusing Touch          Hex            0%         N/A       91%         3
 Fugue of the Fallen      Necr           0%         N/A       91%         3
 Inner Flame              Hex/Fire       0%         N/A       91%         3
 Ozocubu's Armour         Ice            0%         N/A       91%         3
 Passwall                 Erth           0%         N/A       91%         3
 Stone Arrow              Conj/Erth      0%         3d7       91%         3
 Summon Ice Beast         Ice/Summ       0%         N/A       91%         3
 Vampiric Draining        Necr           0%         2d6       91%         3
 Volatile Blastmotes      Fire/Tloc      0%         2d10      91%         3
 Anguish                  Hex/Necr       0%         N/A       100%        4
 Brom's Barrelling Bould  Conj/Erth      0%         2d3       100%        4
 Cause Fear               Hex            0%         N/A       100%        4
 Flame Wave               Conj/Fire      0%         2d4       100%        4
 Manifold Assault         Tloc           0%         N/A       100%        4
 Olgreb's Toxic Radiance  Alch           0%         N/A       100%        4
 Sticky Flame             Fire/Alch      0%         2d4       100%        4
 Bombard                  Conj/Erth      0%         9d1       100%        6
 Enfeeble                 Hex            0%         N/A       100%        7
 Ozocubu's Refrigeration  Ice            0%         4d7       100%        7
 Discord                  Hex            0%         N/A       100%        8


Dungeon Overview and Level Annotations

Branches:
Dungeon (15/15)            Temple (1/1) D:7            Lair (5/5) D:10
  Swamp (1/4) Lair:3       Spider (0/4) Lair:2        Slime (0/5) Lair:5
    Orc (2/2) D:12            Elf (0/3) Orc:2        Vaults (0/5) D:14
 Depths: D:15

Altars:
Ashenzari
Cheibriados
Dithmenos
Fedhas
Gozag
Hepliaklqana
Kikubaaqudgha
Makhleb
Nemelex Xobeh
Okawaru
Qazlal
Ru
Sif Muna
Trog
Uskayaw
Vehumet
Wu Jian
Xom
Yredelemnul
Beogh

Shops:
D:4 :   D:6 :   D:8 [   D:10 *   Orc:2 :(:*

Portals:
Hell: Lair:5

Annotations:
D:4 Eustachio
D:5 1 runed translucent door, Crazy Yiuf
D:6 2 runed translucent doors, xsansara's ghost, novice FeSu
D:12 3 runed translucent doors
D:15 Louise


Innate Abilities, Weirdness & Mutations

Your life essence is reduced to manifest your ancestor. (-10% HP)
You are immune to poison.
You have sharp fingernails.
Your flesh is cold resistant. (rC+)
You are immune to negative energy. (rN+++)
You do not regenerate when monsters are visible.
You are immune to unholy pain and torment.
You thrive by killing the living.


Message History

The goliath frog completely misses you. The swamp worm closely misses you.
The tyrant leech completely misses you.
You enter the shallow water.
Moving in this stuff is going to be slow.
The goliath frog misses you.
The swamp worm fires a harpoon shot at you.
The harpoon shot misses you. The goliath frog misses you.
The goliath frog completely misses you.
The goliath frog attacks as it pursues you!
The goliath frog closely misses you.
The goliath frog hits you but does no damage.
The swamp worm fires a harpoon shot at you.
The harpoon shot misses you.
There is a staircase back to the Lair here.
The goliath frog misses you.
The swamp worm fires a harpoon shot at you.
The harpoon shot hits you.
* * * LOW HITPOINT WARNING * * *
You stop ascending the stairs.
You are yanked forward by the harpoon shot.
Splash!
You fall into the shallow water.
Moving in this stuff is going to be slow.
The goliath frog misses you.
The swamp worm attacks as it pursues you!
The swamp worm bites you but does no damage.
The goliath frog hits you from afar!
* * * LOW HITPOINT WARNING * * *
You are splashed with acid!
* * * LOW HITPOINT WARNING * * *
The swamp worm closely misses you.
There is a staircase back to the Lair here.
You feel much better. The goliath frog misses you. The swamp worm misses you.
The tyrant leech bites you!
* * * LOW HITPOINT WARNING * * *
The goliath frog hits you from afar!!
* * * LOW HITPOINT WARNING * * *
You are splashed with acid.
You die...
Hepliaklqana delivers you to your ancestors.

#..~.♣
♣..~~.♣.♣
♣♣..~...♣
♣♣.~~..♣♣
♣♣.~~.~.♣
♣..~~~~♣♣
♣.♣~..~♣
♣.~♣~~F♣
♣~~~.ww♣♣
♣..♣♣.@.♣♣
♣♣..♣♣♣~~.♣
♣~~.♣ ♣§~♣♣
♣♣..♣ ♣♣§.♣
♣..♣ ♣♣~♣♣
♣.♣♣ ♣.~.♣
♣.♣ ♣♣[.♣♣♣
♣.♣
♣♣~..♣♣♣
♣.♣
♣.~~...♣♣


You could see a tyrant leech, a goliath frog and a swamp worm.

Vanquished Creatures
  Kirke (Lair:5)
  2 orc warlords (Orc:2)
  A hydra (Lair:5)
  2 catoblepae
  4 two-headed ogres
  A boulder beetle (D:14)
  2 death yaks
  An occultist (D:13)
  3 orc high priests (Orc:2)
  3 skeletal warriors (D:14)
  5 orc knights
  2 arcanists
  A spriggan druid (Swamp:1)
  A necromancer (D:14)
  2 deep elf pyromancers (D:15)
  4 orc sorcerers (Orc:2)
  A manticore (D:11)
  3 kobold blastminers (Orc:2)
  6 elephants
  3 black mambas
  A smoke demon (Lair:5)
  6 cane toads
  An unseen horror (D:12)
  4 rime drakes
  5 komodo dragons
  2 ice devils (Lair:5)
  A red devil (Lair:5)
  4 hornets
  Prince Ribbit (Lair:1)
  2 trolls (D:9)
  15 blink frogs
  10 slime creatures
  7 spriggans (Lair:3)
  2 wraiths (D:10)
  3 shadows
  29 yaks
  A vampire (D:11)
  5 wyverns
  7 basilisks
  A hog (Lair:5)
  A human (shapeshifter) (D:14)
  8 wargs
  4 vampire mosquitoes
  A swamp worm (Swamp:1)
  An acid dragon (D:8)
  2 hell hounds (Lair:5)
  12 water moccasins
  7 black bears
  35 orc warriors
  A laughing skull (D:13)
  4 ice beasts
  6 ogres
  9 wolves
  A phantom (D:7)
  2 centaurs
  A boggart (Lair:3)
  3 kobold brigands
  10 bullfrogs
  A scorpion (D:6)
  3 wights (D:8)
  4 killer bees (D:8)
  A bombardier beetle (D:6)
  5 electric eels
  3 jellies
  23 orc priests
  A hound (D:5)
  10 hell rats
  6 orc wizards
  An iguana (D:5)
  A sleepcap (D:6)
  3 gnolls
  7 adders
  3 white imps
  2 dart slugs (D:1)
  3 ribbon worms
  76 orcs
  7 endoplasms
  4 giant cockroaches
  6 goblins
  8 hobgoblins
  4 quokkas
  3 ball pythons
  6 bats
  5 frilled lizards
  15 kobolds
  9 rats
483 creatures vanquished.

Vanquished Creatures (collateral kills)
  An eleionoma (Swamp:1)
  Snorg (D:13)
  An ettin (Orc:1)
  Josephine (D:11)
  A two-headed ogre (D:10)
  2 catoblepae (Lair:5)
  2 orc high priests (Orc:2)
  A sun demon (Lair:5)
  A skeletal warrior (D:14)
  An orc knight (Orc:2)
  An orc sorcerer (Orc:2)
  A manticore (D:14)
  4 elephants
  Joseph (D:10)
  3 kobold blastminers (Orc:2)
  An orange demon (Lair:5)
  A gargoyle (D:12)
  6 cane toads
  3 unseen horrors (D:12)
  5 rime drakes
  8 komodo dragons
  6 trolls
  A red devil (Lair:5)
  A hornet (Lair:3)
  7 blink frogs
  5 slime creatures
  A vampire (D:14)
  2 water elementals (D:14)
  5 spriggans (Lair:3)
  4 wraiths (D:11)
  5 wyverns
  7 basilisks
  11 yaks
  3 vampire mosquitoes
  5 water moccasins
  2 hell hounds (Lair:5)
  14 orc warriors
  3 black bears
  A laughing skull (D:13)
  2 boggarts (Lair:3)
  A centaur (D:11)
  3 ogres
  A wolf (Lair:5)
  5 bullfrogs
  A scorpion (D:10)
  An electric eel (Lair:1)
  A howler monkey (D:10)
  7 orc priests
  7 orc wizards
  4 hell rats
  20 orcs
  4 kobolds (D:10)
186 creatures vanquished.

Vanquished Creatures (others)
  A slime creature (D:9)
  2 humans (Lair:5)
  A hell hound (Lair:5)
  25 knights
  7 ancestors (D:9)
36 creatures vanquished.

Grand Total: 705 creatures vanquished

Notes
Turn   | Place    | Note
-------+----------+-------------------------------------------
     0 | D:1      | Ajdolov the Ghoul Hunter began the quest for the Orb.
     0 | D:1      | Reached XP level 1. HP: 17/17 MP: 1/1
    66 | D:1      | Reached skill level 4 in Ranged Weapons
    66 | D:1      | Reached XP level 2. HP: 24/24 MP: 2/2
   286 | D:1      | Reached XP level 3. HP: 26/29 MP: 3/3
  1463 | D:3      | Reached skill level 5 in Ranged Weapons
  1512 | D:3      | Reached XP level 4. HP: 36/36 MP: 4/4
  1698 | D:3      | Found a basalt altar of Yredelemnul.
  2350 | D:4      | Found Zioz's Tremendous Tomes.
  2425 | D:4      | Noticed Eustachio
  2608 | D:4      | HP: 1/36 [burnt (3)]
  3123 | D:5      | Entered Level 5 of the Dungeon
  3130 | D:4      | Reached XP level 5. HP: 40/41 MP: 5/5
  3297 | D:5      | Reached skill level 6 in Ranged Weapons
  3564 | D:4      | Reached XP level 6. HP: 24/48 MP: 6/6
  3792 | D:5      | Found a runed translucent door.
  3793 | D:5      | Noticed Crazy Yiuf
  4050 | D:5      | Reached skill level 7 in Ranged Weapons
  4695 | D:6      | Noticed a black bear
  4821 | D:6      | Killed a black bear
  4822 | D:6      | Reached XP level 7. HP: 41/55 MP: 7/7
  5018 | D:6      | Found Rifoum's Tiny Tomes.
  5284 | D:6      | Found a runed translucent door.
  5286 | D:6      | Noticed xsansara's ghost (novice FeSu)
  5363 | D:6      | Reached skill level 8 in Ranged Weapons
  5511 | D:6      | Found a runed translucent door.
  5531 | D:6      | Found a snail-covered altar of Cheibriados.
  5537 | D:6      | Found an opulent altar of Gozag.
  5538 | D:6      | Found a bloodstained altar of Trog.
  5539 | D:6      | Found a radiant altar of Vehumet.
  5539 | D:6      | Found an iron altar of Okawaru.
  5541 | D:6      | Found a hide-covered altar of Uskayaw.
  5751 | D:7      | Noticed a wyvern
  5922 | D:6      | Reached XP level 8. HP: 49/61 MP: 8/8
  5980 | D:7      | Reached skill level 9 in Ranged Weapons
  6034 | D:7      | Killed a wyvern
  6120 | D:7      | Found a staircase to the Ecumenical Temple.
  6149 | D:7      | Reached skill level 10 in Ranged Weapons
  6170 | Temple   | Entered the Ecumenical Temple
  6187 | Temple   | Became a worshipper of Hepliaklqana the Forgotten
  6761 | D:6      | Reached skill level 1 in Evocations
  6982 | D:8      | Noticed a hornet
  7059 | D:8      | Reached XP level 9. HP: 57/67 MP: 9/9
  7170 | D:8      | Killed a hornet
  7171 | D:8      | Reached skill level 11 in Ranged Weapons
  7885 | D:8      | Found Zimeta's Antique Armour Shoppe.
  8025 | D:8      | Identified the +0 pair of boots of Neeq {rN+}
  8196 | D:9      | Noticed a two-headed ogre
  8210 | D:9      | Noticed a troll
  8289 | D:9      | Reached * piety under Hepliaklqana
  8317 | D:9      | Noticed a troll
  8320 | D:9      | Killed a two-headed ogre
  8321 | D:9      | Reached skill level 12 in Ranged Weapons
  8326 | D:9      | Killed a troll
  8343 | D:9      | Killed a troll
  8344 | D:9      | Reached XP level 10. HP: 52/65 MP: 10/10
  8514 | D:9      | Reached skill level 5 in Evocations
  8874 | D:8      | Reached skill level 13 in Ranged Weapons
  9400 | D:10     | Entered Level 10 of the Dungeon
  9535 | D:10     | Found Afris's Assorted Antiques.
  9543 | D:10     | Bought 2 scrolls labelled MOEHAY ENUIKOT for 66 gold pieces
  9543 | D:10     | Bought a scroll labelled ERCHI DAVUC for 33 gold pieces
  9543 | D:10     | Bought a scroll labelled MOEHAY ENUIKOT for 33 gold pieces
  9543 | D:10     | Bought a scroll of enchant weapon for 247 gold pieces
  9553 | D:10     | Reached ** piety under Hepliaklqana
  9554 | D:10     | Remembered your ancestor Yffeank as a knight
  9657 | D:10     | Reached skill level 14 in Ranged Weapons
  9670 | D:10     | Reached skill level 1 in Invocations
  9728 | D:10     | Reached XP level 11. HP: 49/71 MP: 12/12
  9823 | D:10     | Found a staircase to the Lair.
  9837 | D:10     | Noticed a two-headed ogre
  9846 | D:10     | Killed a two-headed ogre
  9978 | D:10     | Noticed Joseph
  9993 | D:10     | Killed Joseph
 10166 | D:11     | Noticed a manticore
 10327 | D:11     | Noticed Josephine
 10348 | D:11     | Killed Josephine
 10504 | D:11     | Reached skill level 15 in Ranged Weapons
 11616 | D:11     | Killed a manticore
 11617 | D:11     | Reached skill level 1 in Armour
 11617 | D:11     | Reached skill level 5 in Invocations
 11666 | D:12     | Found a staircase to the Orcish Mines.
 11863 | D:12     | Found a runed translucent gate.
 11863 | D:12     | Found a runed translucent gate.
 11863 | D:12     | Found a runed translucent gate.
 12090 | D:12     | Noticed a boulder beetle
 12311 | D:12     | Noticed a steelbarb worm
 12311 | D:12     | a steelbarb worm changed into a shining eye
 12311 | D:12     | Noticed a shining eye (glowing shapeshifter)
 12313 | D:12     | a shining eye changed into a water nymph
 12314 | D:12     | Noticed a brown ugly thing
 12314 | D:12     | Noticed a brown ugly thing
 12314 | D:12     | Noticed a purple ugly thing
 12314 | D:12     | Noticed a glowing orange brain
 12315 | D:12     | Noticed a white ugly thing
 12316 | D:12     | Noticed a swamp dragon
 12317 | D:12     | a water nymph changed into a sun moth
 12317 | D:12     | Noticed a sun moth (glowing shapeshifter)
 12319 | D:12     | a sun moth changed into an orb spider
 12319 | D:12     | Noticed an orb spider (glowing shapeshifter)
 12320 | D:12     | a swamp dragon changed into a water nymph
 12322 | D:12     | an orb spider changed into a salamander
 12322 | D:12     | Noticed a salamander (glowing shapeshifter)
 12330 | D:12     | Identified the +1 leather armour of Too Many Cooks {Dex+4}
 12336 | D:12     | Noticed a skyshark
 12337 | D:12     | a skyshark changed into a shock serpent
 12337 | D:12     | Noticed a shock serpent (glowing shapeshifter)
 12337 | D:12     | a raiju changed into a cyclops
 12337 | D:12     | Noticed a cyclops (glowing shapeshifter)
 12339 | D:12     | a cyclops changed into an eye of devastation
 12358 | D:12     | Noticed a white ugly thing
 12358 | D:12     | Noticed a skyshark
 12360 | D:12     | a dream sheep changed into a faun
 12360 | D:12     | Noticed a faun (glowing shapeshifter)
 12362 | D:12     | a skyshark changed into a merfolk
 12364 | D:12     | a faun changed into a golden eye
 13021 | D:12     | Reached skill level 5 in Fighting
 13228 | D:12     | Noticed a two-headed ogre
 13253 | D:12     | Noticed a fire dragon
 13253 | D:12     | a fire dragon changed into a two-headed ogre
 13253 | D:12     | Noticed a two-headed ogre (glowing shapeshifter)
 13256 | D:12     | Noticed a cyclops
 13257 | D:12     | a cyclops changed into a faun
 13257 | D:12     | Noticed a faun (glowing shapeshifter)
 13260 | D:12     | a faun changed into a wind drake
 13458 | D:12     | Killed a two-headed ogre
 13459 | D:12     | Reached XP level 12. HP: 68/85 MP: 16/16
 13596 | D:12     | Noticed a shock serpent
 13599 | D:12     | a shock serpent changed into a great orb of eyes
 13599 | D:12     | Noticed a great orb of eyes (glowing shapeshifter)
 13698 | Lair:1   | Entered Level 1 of the Lair of Beasts
 14062 | Lair:1   | Reached *** piety under Hepliaklqana
 14153 | Lair:1   | Noticed Prince Ribbit
 14179 | Lair:1   | Killed Prince Ribbit
 15069 | Lair:2   | Found a hole to the Spider Nest.
 15138 | Lair:2   | Reached **** piety under Hepliaklqana
 15365 | Lair:2   | Got the Atlas of the Gang
 16017 | Lair:3   | Found a staircase to the Swamp.
 16269 | Lair:3   | Reached XP level 13. HP: 87/96 MP: 19/19
 16405 | Lair:2   | Reached skill level 16 in Ranged Weapons
 17405 | Lair:3   | Reached skill level 10 in Invocations
 17526 | Lair:3   | Reached skill level 17 in Ranged Weapons
 18916 | Lair:4   | Reached XP level 14. HP: 104/104 MP: 21/21
 20237 | D:13     | Noticed Snorg
 20255 | D:13     | Killed Snorg
 21588 | D:14     | Found a radiant altar of Vehumet.
 21803 | Orc:1    | Entered Level 1 of the Orcish Mines
 21896 | D:12     | Reached skill level 5 in Dodging
 22221 | D:12     | Reached skill level 18 in Ranged Weapons
 22737 | Orc:2    | Entered Level 2 of the Orcish Mines
 23420 | Orc:2    | Noticed an orc warlord
 23560 | Orc:2    | Killed an orc warlord
 23761 | Orc:2    | Reached skill level 5 in Armour
 24062 | Orc:2    | Reached skill level 10 in Fighting
 24166 | Orc:2    | Noticed an orc warlord
 24197 | Orc:2    | Killed an orc warlord
 24406 | Orc:2    | Found Juties's General Store.
 24415 | Orc:2    | Bought a potion of curing for 42 gold pieces
 24415 | Orc:2    | Bought a scroll of enchant weapon for 105 gold pieces
 24415 | Orc:2    | Bought a scroll of revelation for 105 gold pieces
 24415 | Orc:2    | Bought a scroll of teleportation for 42 gold pieces
 24415 | Orc:2    | Bought a scroll of teleportation for 42 gold pieces
 24415 | Orc:2    | Bought a scroll of blinking for 105 gold pieces
 24426 | Orc:2    | Found a roughly hewn altar of Beogh.
 24477 | Orc:2    | Found Qoiheutruo's Book Emporium.
 24689 | Orc:2    | Found a staircase to the Elven Halls.
 24995 | Orc:2    | Found a roughly hewn altar of Beogh.
 25002 | Orc:2    | Reached XP level 15. HP: 91/114 MP: 22/22
 25222 | Orc:2    | Found Ytiucsa's Book Boutique.
 25399 | Orc:2    | Found Wytedoum's Weapon Shop.
 25797 | D:14     | Found a gate to the Vaults.
 26192 | D:15     | Entered Level 15 of the Dungeon
 26194 | D:15     | Noticed Louise
 26830 | Lair:5   | Entered Level 5 of the Lair of Beasts
 26830 | Lair:5   | Found a shimmering blue altar of Sif Muna.
 26998 | Lair:5   | Noticed Kirke
 27003 | Lair:5   | Killed Kirke
 27292 | Lair:5   | Found a staircase to the Slime Pits.
 27808 | Lair:5   | Found a burning altar of Makhleb.
 28169 | Lair:5   | Found a gateway to Hell.
 28169 | Lair:5   | Found the +2 Maxwell's thermic engine {flame, freeze, rev}
 28402 | D:10     | Bought a shiny ring mail for 231 gold pieces
 28519 | Swamp:1  | Entered Level 1 of the Swamp
 28672 | Swamp:1  | HP: 1/117 [goliath frog (18)]
 28672 | Swamp:1  | Splashed by a goliath frog's acid

Illustrated notes

Levels and vault maps discovered:
D:1:      saegor_arrival_simple_e, layout_basic
D:2:      layout_basic
D:3:      layout_loops_corners, lemuel_crystal_altar, minivault_25
D:4:      layout_loops_ring, nicolae_shop_i_like_big_books,
          corexii_corridor_pit, palyth_stone_intersect, uniq_eustachio
D:5:      layout_basic, cheibrodos_sewer_entry_bend, uniq_crazy_yiuf_cottage
D:6:      layout_basic, minitemple, ebering_ghost_sewer_f,
          nicolae_shop_i_like_small_books_too
D:7:      layout_rooms, minmay_temple_entry_hall
D:8:      layout_loops_ring, serial_shops, shop, serial_aquarium,
          aquarium_bridge_square [aquarium_subvault_bridge,
          aquarium_subvault_bridge, aquarium_subvault_wall,
          aquarium_subvault_window], aquarium_window_1, aquarium_window_2,
          aquarium_window_2, aquarium_view_2c, dreamdust_mushroom_princess
D:9:      layout_basic
D:10:     layout_basic, due_lair_maze_entry_diamond, serial_shops,
          nicolae_shop_hallway_stairs, minmay_statues_item, uniq_joseph
D:11:     layout_basic, uniq_josephine
D:12:     layout_basic, orc_0_dummy, ploomutoo_gammafunk_ghost_potion_laboratory
D:13:     layout_loops_ring, uniq_snorg
D:14:     layout_basic, david_vaults_1, vehumet_crystals
D:15:     hangedman_crystal_crosses_colossus [crystal_crosses_arms_four,
          crystal_crosses_arms_two, crystal_crosses_arms_one], uniq_louise
Temple:   eino_temple_water
Lair:1:   layout_gridlike, st_stairs_4, infiniplex_staircase_pool_2,
          wad_woods_river_01, serial_bayou_shore_a, uniq_prince_ribbit2
Lair:2:   layout_regular_city, dummy_spider_entry, lemuel_fruit_tree
Lair:3:   kb_forest_paths, layout_hall_layers, minmay_swamp_entry_swarm,
          special_room [special_room_mythical_zoo]
Lair:4:   layout_gridlike
Lair:5:   evil_forest, layout_small_grid, slime_entry_2, basic_altar,
          st_stairs_7, grunt_forest_large_clearings, uniq_kirke
Swamp:1:  layout_falls_marsh, ebering_ghost_reflecting_pool,
          evilmike_swamp_ruin_house_4
Orc:1:    layout_caves
Orc:2:    pubby_orc_utopia

Skill      XL: |  1  2  3  4  5  6  7  8  9 10 11 12 13 14 15 |
---------------+----------------------------------------------+-----
Ranged Weapons | 4 5 6 7 8 10 12 14 15 17 18 | 18.0
Evocations     | 1 4 5 |  5.0
Invocations    | 2 6 8 10 | 10.0
Fighting       | 5 8 10 11 | 11.5
Armour         | 2 4 6 8 |  8.6
Dodging        | 2 7 9 |  9.8
Stealth        | |  1.9

Action                     |  1- 3 |  4- 6 |  7- 9 | 10-12 | 13-15 || total
---------------------------+-------+-------+-------+-------+-------++-------
   Fire: Shortbow          |   140 |   165 |   311 |   759 |       ||  1375
         Orcbow            |       |       |       |   206 |  1000 ||  1206
         Arbalest          |       |       |       |       |   647 ||   647
 Invoke: Recall Ancestor   |       |       |       |    11 |    23 ||    34
         Ancestor Life: Kn |       |       |       |     1 |       ||     1
         Idealise          |       |       |       |       |     8 ||     8
         Transference      |       |       |       |       |     5 ||     5
  Evoke: Wand              |       |       |    18 |     3 |     3 ||    24
         Phantom mirror    |       |       |       |       |     1 ||     1
    Use: Scroll            |       |     5 |       |    11 |    11 ||    27
         Potion            |       |     2 |       |     2 |     3 ||     7
 Armour: Leather armour    |    26 |       |       |       |       ||    26
         Ring mail         |     8 |    53 |   132 |   128 |   340 ||   661
  Dodge: Dodged            |    29 |    45 |   153 |   118 |   465 ||   810

Table legend: (Time is in decaauts)
 A = Elapsed time spent in this place.
 B = Non-inter-level travel time spent in this place.
 C = Inter-level travel time spent in this place.
 D = Time resting spent in this place.
 E = Time spent auto-exploring this place.
 F = Levels seen in this place.
 G = Mean time per level.
                   A        B        C        D        E       F      G
               +--------+--------+--------+--------+--------+-----+--------+
         Total |  28569 |  26124 |   2445 |   3077 |  16685 |  24 | 1190.4 |
       Dungeon |  17272 |  15663 |   1609 |   1655 |  10543 |  15 | 1151.5 |
        Temple |     34 |      2 |     32 |      0 |      0 |   1 |   34.0 |
          Lair |   7617 |   6972 |    645 |    918 |   4351 |   5 | 1523.4 |
         Swamp |    170 |    170 |      0 |      0 |    110 |   1 |  170.0 |
  Orcish Mines |   3474 |   3317 |    157 |    503 |   1678 |   2 | 1737.0 |
               +--------+--------+--------+--------+--------+-----+--------+

Top non-repeatable levels by time:
   Orc:2: 2601 daAuts
    D:12: 2118 daAuts
    D:11: 1814 daAuts
     D:5: 1684 daAuts
  Lair:4: 1662 daAuts
  Lair:2: 1641 daAuts
  Lair:3: 1492 daAuts
    D:14: 1479 daAuts
     D:6: 1473 daAuts
  Lair:1: 1439 daAuts
  Lair:5: 1380 daAuts
    D:13: 1320 daAuts
     D:8: 1276 daAuts
     D:9: 1059 daAuts
    D:10: 1033 daAuts
